 Dungeon Crawl Stone Soup version 0.22.1-1-ga44c0e5 (webtiles) character file.

18421 dohliylev the Nimble (level 12, -3/86 HPs)
             Began as a Vampire Enchanter on Sept 20, 2018.
             Was a High Priest of Makhleb.
             Hit by a poisoned javelin thrown by a minotaur (24 damage)
             ... in a labyrinth.
             The game lasted 01:03:23 (11210 turns).

dohliylev the Nimble (Vampire Enchanter)           Turns: 11210, Time: 01:03:23

Health: -3/86      AC: 14    Str:  7    XL:     12   Next: 27%
Magic:  21/28      EV: 20    Int: 22    God:    Makhleb [*****.]
Gold:   877        SH:  5    Dex: 15    Spells: 12/21 levels left

rFire    + . .     SeeInvis +   u - +9 dagger (vamp)
rCold    . . .     Gourm    .   f - +0 buckler
rNeg     + . .     Faith    .   c - +4 troll leather armour {Purgy}
rPois    .         Spirit   .   k - +0 helmet
rElec    .         Reflect  .   K - +2 cloak
rCorr    .         Harm     .   b - +0 pair of gloves
MR       +....                  F - +0 pair of boots
Stlth    +++++.....             g - amulet of magic regeneration
HPRegen  0.64/turn              G - ring of protection from fire
MPRegen  0.46/turn              n - ring of magical power

@: very slightly contaminated, invisible
A: fangs 3, see invisible, unbreathing
a: Bat Form, Minor Destruction, Lesser Servant of Makhleb, Major Destruction,
Greater Servant of Makhleb, Renounce Religion


You were in a labyrinth.
You worshipped Makhleb.
Makhleb was extremely pleased with you.
You were not thirsty.

You visited 3 branches of the dungeon, and saw 13 of its levels.
You also visited: Labyrinth, Sewer and Ossuary.

You collected 877 gold pieces.

Inventory:

Hand Weapons
 q - a +0 dagger of electrocution
 u - a +9 vampiric dagger (weapon)
Armour
 b - a +0 pair of gloves (worn)
 c - a +4 troll leather armour (worn) {Purgy}
 f - a +0 buckler (worn)
 k - a +0 helmet (worn)
 F - a +0 pair of boots (worn)
 J - +0 acid dragon scales
 K - a +2 cloak (worn)
Jewellery
 g - an amulet of magic regeneration (around neck)
 n - a ring of magical power (right hand)
 G - a ring of protection from fire (left hand)
 N - an uncursed ring of poison resistance
Wands
 x - a wand of clouds (7)
 H - a wand of digging (5)
 I - a wand of polymorph (16)
 L - a wand of flame (36)
 M - a wand of acid (6)
Scrolls
 a - 10 scrolls of teleportation
 i - a scroll of fog
 m - 4 scrolls of remove curse
 t - 2 scrolls of enchant armour
 w - 3 scrolls of blinking
 y - 2 scrolls of fear
 C - a scroll of amnesia
 D - a scroll of magic mapping
 E - 2 scrolls of identify
Potions
 d - 23 potions of blood
 e - 3 potions of might {unknown}
 h - 7 potions of curing
 j - 5 potions of brilliance {unknown}
 l - 4 potions of degeneration {unknown}
 o - 2 potions of flight {unknown}
 p - a potion of lignification {unknown}
 s - a potion of agility {unknown}
 v - 2 potions of invisibility
 z - 5 potions of heal wounds {unknown}
 A - a potion of mutation {unknown}
 B - 3 potions of haste {unknown}
Miscellaneous
 r - a box of beasts


   Skills:
 - Level 5.2 Fighting
 - Level 9.2 Short Blades
 - Level 13.1 Dodging
 + Level 12.9 Stealth
 - Level 4.0 Shields
 - Level 5.0 Spellcasting
 - Level 6.1 Hexes
 - Level 2.0 Ice Magic
 - Level 5.5 Invocations


You had 12 spell levels left.
You knew the following spells:

 Your Spells              Type           Power        Failure   Level  Hunger
a - Corona                Hex            ####...      1%          1    None
b - Ensorcelled Hibernat  Hex/Ice        ###...       4%          2    None
c - Confuse               Hex            ####....     3%          3    ##.....
d - Tukima's Dance        Hex            ####....     3%          3    ##.....

Your spell library contained the following spells:

 Spells                   Type           Power        Failure   Level  Hunger
 Dazzling Spray           Conj/Hex       ###...       13%         3    ##.....
 Sting                    Conj/Pois      #...         16%         1    None
 Poisonous Vapours        Pois/Air       #.....       22%         2    None
 Mephitic Cloud           Conj/Pois/Air  #.......     41%         3    ##.....
 Olgreb's Toxic Radiance  Pois           #.......     83%         4    ####...
 Alistair's Intoxication  Tmut/Pois      #.......     99%         5    #####..
 Venom Bolt               Conj/Pois      #.........   99%         5    #####..


Dungeon Overview and Level Annotations

Branches:
Dungeon (11/15)            Temple (1/1) D:5            Lair (1/6) D:11
    Orc: D:9-12

Altars:
Ashenzari
Cheibriados
Dithmenos
Elyvilon
Fedhas
Gozag
Hepliaklqana
Kikubaaqudgha
Makhleb
Nemelex Xobeh
Okawaru
Qazlal
Ru
Sif Muna
Trog
Uskayaw
Vehumet
Wu Jian
Xom
Yredelemnul
Zin
The Shining One

Shops:
D:8 [   D:9 (

Annotations:
D:11 Fannar


Innate Abilities, Weirdness & Mutations

You have razor-sharp teeth.
You have supernaturally acute eyesight. (SInv)
You can survive without breathing.


Message History

The minotaur throws a poisoned javelin.
The poisoned javelin misses you.
You feel sick.
You feel very sick.
The minotaur throws a poisoned javelin.
The poisoned javelin hits you!!
You are lethally poisoned!
You see here a poisoned javelin.
* * * LOW HITPOINT WARNING * * *
You feel very sick.
* * * LOW HITPOINT WARNING * * *
You feel very sick.
* * * LOW HITPOINT WARNING * * *
You feel very sick.
You fade into invisibility!
* * * LOW HITPOINT WARNING * * *
You feel very sick.
The minotaur throws a poisoned javelin.
The poisoned javelin misses you.
You are very lightly contaminated with residual magic.
It was a potion of curing.
You feel better.
The minotaur throws a poisoned javelin.
The poisoned javelin hits you!!
You die...

# ### #.#.# #.#.#
## ...# ..
###.###.#.#.#
#....@......#
######H#######..#
#......#.# ≈#
###.##H#.#.≈≈#
...#..(...<≈# #.#
##.#.#.≈≈# #. #.
..).#.# ≈#...
.#.# ..####### #
## )# ....
........ ...


You could see a minotaur.

Vanquished Creatures
  Snorg (D:11)
  Josephine (D:11)
  Harold (D:7)
  A two-headed ogre (D:10)
  Nergalle (D:10)
  3 unseen horrors
  Pikel (D:7)
  A cyclops (D:11)
  5 gargoyles
  Psyche (D:11)
  2 spiny frogs (Lair:1)
  A centaur skeleton (D:11)
  A komodo dragon (Lair:1)
  A hornet (D:9)
  2 hippogriffs
  4 redbacks (Lab)
  4 yaks (D:10)
  4 basilisks (Lab)
  5 wraiths (D:11)
  3 wyverns
  A hungry ghost (D:10)
  A soldier ant (D:10)
  An acid dragon (D:11)
  3 water moccasins
  2 porcupines (Lair:1)
  Purgy (Sewer)
  2 orc warriors (D:7)
  2 sky beasts
  2 slaves (D:7)
  5 ice beasts
  An ogre (D:8)
  An eye of draining (D:8)
  A black bear (D:9)
  4 crocodiles
  7 centaurs
  A big kobold (D:9)
  4 bullfrogs
  A gnoll sergeant (D:9)
  2 water moccasin zombies
  5 scorpions
  11 killer bees
  4 wights (D:7)
  A howler monkey (D:4)
  5 crimson imps
  5 centaur zombies
  2 bullfrog zombies (D:8)
  6 hounds
  A human zombie (Ossuary)
  14 orc wizards
  A bullfrog skeleton (D:4)
  7 orc priests
  2 jellies
  2 iguanas (D:9)
  5 worker ants
  A hound skeleton (D:9)
  2 mummies (Ossuary)
  A worker ant zombie (D:9)
  A howler monkey zombie (D:6)
  17 gnolls
  10 adders
  An ooze (D:6)
  An adder skeleton (D:8)
  2 adder zombies (Ossuary)
  4 worms
  2 dart slugs
  2 leopard geckos
  44 orcs
  2 ball pythons
  2 giant cockroaches
  8 goblins
  6 hobgoblins
  6 jackals
  19 kobolds
  A quokka (D:8)
  9 bats
  8 frilled lizards
  A goblin zombie (Ossuary)
  10 hobgoblin zombies (Ossuary)
  6 kobold zombies (Ossuary)
  11 orc zombies (Ossuary)
  A quokka zombie (D:5)
  5 rats
  A rat zombie (Ossuary)
340 creatures vanquished.

Notes
Turn   | Place    | Note
-------+----------+-------------------------------------------
     0 | D:1      | dohliylev the Vampire Enchanter began the quest for the
                  | Orb.
     0 | D:1      | Reached XP level 1. HP: 13/13 MP: 3/3
   385 | D:1      | Reached XP level 2. HP: 12/19 MP: 5/5
   390 | D:1      | Learned a level 2 spell: Ensorcelled Hibernation
   494 | D:1      | Reached skill level 5 in Hexes
   680 | D:1      | Reached skill level 5 in Stealth
   797 | D:1      | Reached XP level 3. HP: 24/24 MP: 3/6
  2057 | D:3      | Found a faded altar of an unknown god.
  2429 | D:3      | Found a glowing drain.
  2457 | Sewer    | Entered a sewer
  2638 | Sewer    | Noticed Purgy
  2696 | Sewer    | Killed Purgy
  2696 | Sewer    | Reached skill level 3 in Dodging
  2696 | Sewer    | Reached skill level 1 in Shields
  2696 | Sewer    | Reached XP level 4. HP: 11/30 MP: 2/7
  2696 | Sewer    | Reached XP level 5. HP: 13/35 MP: 2/8
  3033 | D:3      | Reached skill level 1 in Ice Magic
  3174 | D:3      | Reached XP level 6. HP: 41/41 MP: 9/9
  3515 | D:4      | Reached skill level 4 in Dodging
  3650 | D:4      | Noticed a water moccasin
  3667 | D:4      | Killed a water moccasin
  3667 | D:4      | Reached XP level 7. HP: 11/46 MP: 10/10
  4191 | D:5      | Entered Level 5 of the Dungeon
  4399 | D:5      | Got a twisted robe
  4410 | D:5      | Identified the cursed +1 robe of Atheism {rN+ MR- Str+3}
                  | (You found it on level 5 of the Dungeon)
  4457 | D:5      | Found a staircase to the Ecumenical Temple.
  4495 | Temple   | Entered the Ecumenical Temple
  4579 | Temple   | Became a worshipper of Makhleb the Destroyer
  4729 | D:5      | Reached skill level 10 in Stealth
  4729 | D:5      | Reached XP level 8. HP: 50/52 MP: 11/11
  4734 | D:5      | Learned a level 3 spell: Confuse
  4738 | D:5      | Learned a level 3 spell: Tukima's Dance
  5210 | D:6      | Reached skill level 5 in Short Blades
  5210 | D:6      | Reached skill level 5 in Dodging
  5242 | D:6      | Found a sand-covered staircase.
  5260 | Ossuary  | Entered an ossuary
  5354 | Ossuary  | Reached * piety under Makhleb
  6102 | D:7      | Noticed Harold
  6106 | D:7      | Killed Harold
  6106 | D:7      | Reached skill level 1 in Fighting
  6106 | D:7      | Reached skill level 7 in Dodging
  6106 | D:7      | Reached XP level 9. HP: 59/59 MP: 13/13
  6117 | D:7      | Reached ** piety under Makhleb
  6264 | D:7      | Noticed Pikel
  6274 | D:7      | Killed Pikel
  6274 | D:7      | Reached skill level 8 in Dodging
  6580 | D:7      | Reached skill level 5 in Spellcasting
  7062 | D:8      | Reached XP level 10. HP: 73/73 MP: 17/17
  7383 | D:8      | Reached skill level 5 in Fighting
  7413 | D:8      | Found Onauj's Armour Emporium.
  7439 | D:8      | Reached skill level 1 in Invocations
  7662 | D:9      | Reached *** piety under Makhleb
  8107 | D:9      | Found a sacrificial altar of Ru.
  8163 | D:9      | Found Nasaadug's Weapon Shoppe.
  8291 | D:9      | Paralysed by a hornet for 3 turns
  8464 | D:10     | Entered Level 10 of the Dungeon
  8523 | D:10     | Noticed a gargoyle
  8562 | D:10     | Killed a gargoyle
  8562 | D:10     | Reached skill level 9 in Dodging
  8599 | D:10     | Reached **** piety under Makhleb
  8686 | D:10     | Noticed a two-headed ogre
  8774 | D:10     | Killed a two-headed ogre
  8774 | D:10     | Reached skill level 5 in Invocations
  8787 | D:10     | Reached skill level 10 in Dodging
  8885 | D:10     | Identified Sif Muna's Papyrus of Poison
  9003 | D:10     | Reached XP level 11. HP: 80/80 MP: 18/18
  9312 | D:11     | Noticed Snorg
  9488 | D:11     | Noticed Nergalle
  9533 | D:11     | Noticed Fannar
  9585 | D:11     | Noticed Psyche
  9587 | D:11     | Killed Psyche
  9636 | D:11     | Noticed a spectral orc warlord
  9755 | D:10     | Killed Nergalle
  9755 | D:10     | Reached skill level 11 in Dodging
  9890 | D:11     | Killed Snorg
 10046 | D:11     | Found a staircase to the Lair.
 10055 | D:11     | Reached skill level 12 in Dodging
 10117 | D:11     | Noticed Josephine
 10134 | D:11     | Reached ***** piety under Makhleb
 10189 | D:11     | Killed Josephine
 10272 | D:11     | Noticed an unseen horror
 10285 | D:11     | Killed an unseen horror
 10442 | Lair:1   | Entered Level 1 of the Lair of Beasts
 10458 | Lair:1   | Reached skill level 13 in Dodging
 10516 | Lair:1   | Found a labyrinth entrance.
 10570 | Lab      | Entered a labyrinth
 10646 | Lab      | Reached XP level 12. HP: 86/86 MP: 19/19
 11197 | Lab      | Noticed a minotaur
 11210 | Lab      | Hit by a poisoned javelin thrown by a minotaur

Skill      XL: |  1  2  3  4  5  6  7  8  9 10 11 12 |
---------------+-------------------------------------+-----
Hexes          | 5 6 |  6.1
Stealth        | 5 6 8 10 12 | 12.9
Short Blades   | 2 3 4 6 9 |  9.2
Dodging        | 3 4 7 8 10 13 | 13.1
Shields        | 1 3 4 |  4.0
Ice Magic      | 1 2 |  2.0
Fighting       | 1 4 5 |  5.2
Spellcasting   | 3 5 |  5.0
Invocations    | 5 |  5.5

Action                   |  1- 3 |  4- 6 |  7- 9 | 10-12 || total
-------------------------+-------+-------+-------+-------++-------
Melee: Dagger            |   181 |   152 |   427 |   580 ||  1340
       Bite              |    13 |    10 |    36 |    46 ||   105
 Cast: Ensorcelled Hiber |     8 |    14 |    63 |   117 ||   202
       Confuse           |       |       |    19 |    65 ||    84
       Corona            |       |       |     2 |     1 ||     3
 Abil: End Transformatio |     2 |       |       |       ||     2
       Bat Form          |     2 |       |       |       ||     2
  Use: Scroll            |     3 |       |    15 |    11 ||    29
       Potion            |       |     1 |    15 |     8 ||    24
 Stab: Sleeping          |    12 |    13 |    49 |    67 ||   141
       Distracted        |       |     1 |       |     1 ||     2
       Confused          |       |       |     8 |    17 ||    25
  Eat: Corpse            |     8 |     1 |     8 |    10 ||    27
Armor: Robe              |    44 |       |       |       ||    44
       Troll leather arm |       |    26 |    76 |   132 ||   234
Dodge: Dodged            |   126 |    79 |   198 |   432 ||   835
Block: Buckler           |    22 |    20 |    60 |    87 ||   189
